 Dungeon Crawl Stone Soup version 0.16.1-18-g436b03c (webtiles) character file.

31161 theElss the Basher (level 13, 0/126 HPs)
             Began as a Gargoyle Berserker on May 1, 2015.
             Was the Champion of Trog.
             Slain by drasked1's ghost (2 damage)
             ... on level 4 of the Lair of Beasts.
             The game lasted 01:16:29 (17565 turns).

theElss the Basher (Gargoyle Berserker)            Turns: 17565, Time: 01:16:29

Health: 0/126      AC: 28    Str: 29    XL:     13   Next: 56%
Magic:  0/13       EV: 11    Int:  9    God:    Trog [******]
Gold:   905        SH:  0    Dex: 10    Spells: 0 memorised, 12 levels left

rFire  + . .     SeeInvis +     I - +10 flail "Khevezun" {crush, rPois}
rCold  . . .     Clarity  .     u - +0 plate armour {MR+}
rNeg   + . .     SustAb   .     (no shield)
rPois  ∞         Gourm    .     Q - +0 helmet (curse)
rElec  +         Spirit   +     (no cloak)
rCorr  .         Warding  .     y - +0 pair of gloves
rMut   .         Stasis   .     S - +0 pair of boots
MR     +....                    z - amulet of guardian spirit
Stlth  ..........               U - ring of see invisible
                                V - ring of protection from fire

@: berserking, very quick, somewhat resistant to hostile enchantments, extremely
unstealthy
A: negative energy resistance 1, electricity resistance, unbreathing,
petrification resistance, rot immunity, AC +9
a: Burn Spellbooks, Berserk, Trog's Hand, Brothers in Arms, Renounce Religion


You were on level 4 of the Lair of Beasts.
You worshipped Trog.
Trog was exalted by your worship.
You were hungry.

You visited 3 branches of the dungeon, and saw 15 of its levels.
You also visited: Labyrinth, Sewer and Bailey.

You collected 905 gold pieces.

Inventory:

Hand weapons
 I - the +10 flail "Khevezun" (weapon) {crush, rPois}
   (Trog gifted it to you on level 2 of the Lair of Beasts)

   It inflicts extra damage upon your enemies.
   It protects you from poison.
 N - a +2 flail of protection
 O - a +2 flail of protection
Armour
 u - a +0 plate armour of magic resistance (worn)
 y - a +0 pair of gloves (worn)
 Q - a cursed +0 helmet (worn)
 S - a +0 pair of boots (worn)
Jewellery
 m - a cursed ring of loudness {unknown}
 z - an amulet of guardian spirit (around neck)
 C - the cursed necklace of Bloodlust {*Rage +Rage MR+ Str+2 Int-2 Slay+3 Curse}
   (You found it on level 3 of the Lair of Beasts)

   [amulet of rage]

   It affects your strength (+2).
   It affects your intelligence (-2).
   It affects your accuracy and damage with ranged weapons and melee attacks
   (+3).
   It affects your resistance to hostile enchantments.
   It lets you go berserk.
   It may make you go berserk in combat.
   It may re-curse itself when equipped.
   It has a curse placed upon it.
 L - an uncursed amulet of warding {unknown}
 U - a ring of see invisible (right hand)
 V - a ring of protection from fire (left hand)
Magical devices
 x - a wand of polymorph (8)
 E - a wand of random effects (18)
 Z - a wand of random effects (24)
Scrolls
 b - a scroll of torment {unknown}
 e - 7 scrolls of recharging
 f - 4 scrolls of enchant armour
 g - a scroll of holy word {unknown}
 h - 6 scrolls of teleportation
 k - 3 scrolls of fear
 l - 5 scrolls of blinking
 o - 3 scrolls of enchant weapon
 v - a scroll of random uselessness
 B - a scroll of amnesia {unknown}
 G - a scroll of silence {unknown}
 J - 4 scrolls of fog
 K - a scroll of summoning {unknown}
 W - a scroll of vulnerability {unknown}
Potions
 a - a potion of flight {unknown}
 d - 3 potions of restore abilities {unknown}
 j - a potion of beneficial mutation {unknown}
 n - 2 potions of experience {unknown}
 p - 9 potions of curing
 q - 2 potions of ambrosia {unknown}
 s - a potion of lignification {unknown}
 t - a potion of haste {unknown}
 A - 3 potions of cancellation {unknown}
 D - a potion of poison {unknown}
 F - 2 potions of resistance {unknown}
 H - 5 potions of might
 P - a potion of brilliance {unknown}
 R - 5 potions of heal wounds {unknown}
 X - 4 potions of agility {unknown}
 Y - 2 potions of magic {unknown}
Books
 w - a book of Enchantments

   Spells                             Type                      Level
   a - Tukima's Dance                 Hexes                        3
   b - Cause Fear                     Hexes                        4
   c - Silence                        Hexes/Air                    5
   d - Deflect Missiles               Charms/Air                   6
   e - Haste                          Charms                       6
   f - Discord                        Hexes                        8
   Trog disapproves of the use of such an item.
 T - a book of Alchemy

   Spells                             Type                      Level
   a - Sublimation of Blood           Necromancy                   2
   b - Alistair's Intoxication        Transmutation/Poison         4
   c - Condensation Shield            Ice                          4
   d - Petrify                        Transmutation/Earth          4
   e - Ignite Poison                  Fire/Transmutation           5
   f - Irradiate                      Conjuration/Transmutation    5
   Trog disapproves of the use of such an item.
Comestibles
 c - 9 bread rations
 i - a beef jerky
 r - 6 meat rations
 M - 3 chunks of flesh


   Skills:
 + Level 11.4 Fighting
 * Level 14.2 Maces & Flails
 + Level 11.3 Armour
 + Level 9.0 Dodging


You had 12 spell levels left.
You didn't know any spells.

Dungeon Overview and Level Annotations

Branches:
Dungeon (10/15)            Temple (1/1) D:6            Lair (4/8) D:9
 Shoals (0/5) Lair:3       Spider (0/5) Lair:4          Orc (0/4) D:10

Altars:
Ashenzari
Cheibriados
Dithmenos
Elyvilon
Fedhas
Gozag
Kikubaaqudgha
Makhleb
Nemelex Xobeh
Okawaru
Qazlal
Ru
Sif Muna
Trog
Vehumet
Xom
Yredelemnul
Zin
The Shining One

Annotations:
Lair:1 exclusion: oklob plant
Lair:4 drasked1's ghost, powerful GrBe


Innate Abilities, Weirdness & Mutations

You are resistant to torment.
You are immune to poison.
Your stone body is very resilient (AC +9).
You resist negative energy.
You are resistant to electric shocks.
You can survive without breathing.
You are immune to petrification.
You are immune to rotting.


Message History

Drasked1's ghost is heavily damaged.
Drasked1's ghost hits you but does no damage.
You barely miss drasked1's ghost.
Drasked1's ghost is heavily damaged.
You bludgeon drasked1's ghost!!
Drasked1's ghost is severely damaged.
Drasked1's ghost barely misses you.
You hit drasked1's ghost but do no damage.
Drasked1's ghost is severely damaged.
You thump drasked1's ghost!
Drasked1's ghost is almost destroyed.
Drasked1's ghost hits you!!
* * * LOW HITPOINT WARNING * * *
x2 You barely miss drasked1's ghost.
Drasked1's ghost is almost destroyed.
You hit drasked1's ghost.
Drasked1's ghost is almost destroyed.
Drasked1's ghost hits you!
* * * LOW HITPOINT WARNING * * *
You die...

#.#.#.^.#......P# ##..##
#..##
#...#.#.#......####....#
####
#.#.#.#.#...#.....##...##
..###.....#.##...###....#
.#.#..#..#..###........##
#.#.. ### ### ##......#.#
###############......###
##....#.#...W....#
#..........@#P...#
##.........#####...
##.####....## #.. ##
##<## ##.....# ..
.####.## #......##
.P#...# #..#P#..# ....###
#.#####.###### ...##
###.# ##.#...# #.## #...#
##..#.#


You could see drasked1's ghost.

Vanquished Creatures
  A minotaur (Lab)
  3 hydras
  Erica (Lair:1)
  A death yak (Lair:3)
  Nergalle (Lair:3)
  The ghost of EmilioHeskey the Ruffian, an experienced TrMo of Ru (D:8)
  Erolcha (D:10)
  Pikel (D:6)
  3 orc knights (Bailey)
  6 oklob plants (Lair:2)
  An orb spider (Lair:4)
  Joseph (D:8)
  2 black mambas
  A torpor snail (Lair:3)
  5 spiny frogs
  2 komodo dragons (Lair:2)
  A fire drake (Lair:3)
  A queen ant (Lair:3)
  The ghost of drasked1 the Chopper, an experienced GrBe of Trog (D:5)
  4 wandering mushrooms (Lab)
  Grinder (D:3)
  5 blink frogs (Lair:1)
  2 ravens (Lair:3)
  2 two-headed ogres
  A spriggan (D:9)
  16 yaks
  2 hippogriffs
  Eustachio (D:10)
  7 soldier ants (Lair:3)
  4 hungry ghosts
  5 water moccasins
  3 porcupines
  3 wolves (Lair:4)
  A deep elf fighter (D:9)
  13 orc warriors
  Purgy (Sewer)
  A black bear (D:9)
  3 ice beasts
  4 centaurs
  4 ogres
  3 phantoms
  Sigmund (D:7)
  2 necrophages
  10 giant frogs
  9 crocodiles
  6 scorpions
  A killer bee (Lab)
  4 jellies
  A crimson imp (D:10)
  An electric eel (D:9)
  A goliath beetle (D:6)
  8 hounds
  9 iguanas
  14 orc priests
  2 polar bear simulacra (D:9)
  A giant frog skeleton (D:8)
  7 orc wizards
  6 wolf simulacra (D:9)
  27 worker ants
  A killer bee zombie (D:6)
  11 sheep
  2 hound zombies
  2 hound skeletons
  21 gnolls
  34 river rats
  12 adders
  2 shadow imps
  2 giant mites
  3 worms (D:3)
  An adder zombie (D:6)
  An adder skeleton (D:5)
  10 giant geckos
  55 orcs
  27 bats
  A bat skeleton (D:4)
  A bat zombie (D:6)
  38 goblins
  25 hobgoblins
  10 jackals
  9 quokkas
  4 ball pythons
  2 giant cockroaches
  8 giant newts
  12 kobolds
  21 rats
  A river rat simulacrum (D:9)
  3 ballistomycetes (D:7)
  3 plants (Lair:2)
552 creatures vanquished.

Vanquished Creatures (collateral kills)
  An orc warlord (Bailey)
  An orc knight (Bailey)
  An orc warrior (Bailey)
  A yak simulacrum (D:9)
  A polar bear simulacrum (D:9)
  A goblin (Bailey)
6 creatures vanquished.

Vanquished Creatures (others)
  A necromancer (D:9)
  A slave (D:6)
  A giant spore (D:7)
  A fungus (D:9)
  A plant (D:9)
5 creatures vanquished.

Grand Total: 563 creatures vanquished

Notes
Turn   | Place    | Note
--------------------------------------------------------------
     0 | D:1      | theElss, the Gargoyle Berserker, began the quest for the Orb.
     0 | D:1      | Reached XP level 1. HP: 14/14 MP: 1/1
   488 | D:1      | Reached XP level 2. HP: 17/19 MP: 2/2
  1022 | D:2      | Acquired Trog's second power
  1055 | D:2      | Reached XP level 3. HP: 22/24 MP: 3/3
  1202 | D:2      | Found a snail-covered altar of Cheibriados.
  1683 | D:3      | Reached XP level 4. HP: 29/29 MP: 4/4
  1726 | D:3      | Found a glowing drain.
  1741 | D:3      | Reached skill level 4 in Maces & Flails
  2038 | Sewer    | Entered a sewer
  2131 | Sewer    | Reached XP level 5. HP: 33/33 MP: 5/5
  2141 | Sewer    | Noticed Purgy
  2148 | Sewer    | Killed Purgy
  2221 | Sewer    | Reached XP level 6. HP: 35/39 MP: 6/6
  2483 | D:3      | Found a burning altar of Makhleb.
  2620 | D:3      | Noticed Grinder
  2622 | D:3      | Paralysed by Grinder for 3 turns
  2633 | D:3      | Killed Grinder
  2633 | D:3      | Reached skill level 5 in Fighting
  2633 | D:3      | Reached skill level 5 in Maces & Flails
  2633 | D:3      | Reached XP level 7. HP: 44/44 MP: 7/7
  3659 | D:4      | Found an opulent altar of Gozag.
  3691 | D:4      | Acquired Trog's third power
  4093 | D:5      | Entered Level 5 of the Dungeon
  4376 | D:5      | Reached skill level 6 in Maces & Flails
  4488 | D:5      | Reached XP level 8. HP: 46/50 MP: 8/8
  4495 | D:5      | Noticed drasked1's ghost (experienced GrBe)
  5140 | D:6      | Noticed Pikel
  5155 | D:6      | Killed Pikel
  5155 | D:6      | Reached skill level 7 in Maces & Flails
  5155 | D:6      | Reached skill level 5 in Armour
  5173 | D:6      | Got a warped war axe
  5358 | D:6      | Reached XP level 9. HP: 56/56 MP: 9/9
  5480 | D:6      | Found a sparkling altar of Nemelex Xobeh.
  5533 | D:6      | Found a staircase to the Ecumenical Temple.
  5550 | Temple   | Entered the Ecumenical Temple
  5649 | D:6      | Reached skill level 8 in Maces & Flails
  6500 | D:5      | Reached skill level 5 in Dodging
  6539 | D:5      | Killed drasked1's ghost
  7051 | D:7      | Reached skill level 9 in Maces & Flails
  7387 | D:7      | Found a shattered altar of Ashenzari.
  7635 | D:7      | Found a white marble altar of Elyvilon.
  7768 | D:7      | Noticed Sigmund
  7779 | D:7      | Killed Sigmund
  7779 | D:7      | Reached XP level 10. HP: 63/63 MP: 10/10
  7841 | D:8      | Noticed Joseph
  7874 | D:8      | Killed Joseph
  8094 | D:8      | Found a blossoming altar of Fedhas.
  8286 | D:8      | Noticed EmilioHeskey's ghost (experienced TrMo)
  8288 | D:8      | Found a flagged portal.
  8293 | Bailey   | Entered a bailey
  8590 | Bailey   | Reached skill level 10 in Maces & Flails
  8641 | Bailey   | Noticed an orc knight
  8674 | Bailey   | Killed an orc knight
  8686 | Bailey   | Received a gift from Trog
  9032 | Bailey   | Noticed an orc warlord
  9033 | Bailey   | Noticed an orc knight
  9065 | Bailey   | Killed an orc warlord
  9087 | Bailey   | Noticed an orc knight
  9096 | Bailey   | Killed an orc knight
  9203 | Bailey   | Noticed an orc knight
  9215 | Bailey   | Killed an orc knight
  9215 | Bailey   | Reached XP level 11. HP: 69/69 MP: 11/11
  9229 | Bailey   | Killed an orc knight
  9229 | Bailey   | Reached skill level 11 in Maces & Flails
  9288 | Bailey   | Got a bloodstained glaive
  9398 | Bailey   | Got a pair of heavily runed gloves
  9409 | Bailey   | Identified the cursed -2 pair of gloves of the Carpenter {+Fly rN+} (You found it in a bailey)
  9468 | D:8      | Killed EmilioHeskey's ghost
 10083 | D:9      | Received a gift from Trog
 10401 | D:9      | Found a staircase to the Lair.
 10694 | D:9      | Found an ancient bone altar of Kikubaaqudgha.
 10909 | D:9      | Noticed a necromancer
 10917 | D:9      | Killed a necromancer
 11509 | D:10     | Entered Level 10 of the Dungeon
 11537 | D:10     | Noticed Erolcha
 11538 | D:10     | Reached skill level 12 in Maces & Flails
 11543 | D:10     | Killed Erolcha
 11908 | D:10     | Noticed Eustachio
 11914 | D:10     | Killed Eustachio
 11933 | D:10     | Reached XP level 12. HP: 77/77 MP: 12/12
 11996 | D:10     | Found a staircase to the Orcish Mines.
 12261 | Lair:1   | Entered Level 1 of the Lair of Beasts
 12360 | D:9      | Received a gift from Trog
 12472 | Lair:1   | Reached skill level 10 in Fighting
 13184 | Lair:1   | Noticed Erica
 13197 | Lair:1   | Killed Erica
 13318 | Lair:2   | Received a gift from Trog
 13323 | Lair:2   | Got a translucent flail {god gift}
 13324 | Lair:2   | Identified the +10 flail "Khevezun" {crush, rPois} (Trog gifted it to you on level 2 of the Lair of Beasts)
 13470 | Lair:2   | Reached skill level 10 in Armour
 13586 | Lair:2   | Found a labyrinth entrance.
 13636 | Lab      | Entered a labyrinth
 13934 | Lab      | Reached skill level 13 in Maces & Flails
 14107 | Lab      | Noticed a minotaur
 14123 | Lab      | Killed a minotaur
 14134 | Lab      | Got a faintly glowing jade ring
 14135 | Lab      | Got a bloodstained robe
 14625 | Lair:2   | Noticed a four-headed hydra
 14639 | Lair:2   | Killed a four-headed hydra
 15519 | Lair:2   | Reached XP level 13. HP: 84/84 MP: 10/13
 15766 | Lair:3   | Noticed Nergalle
 15771 | Lair:3   | Killed Nergalle
 16119 | Lair:3   | Found a staircase to the Shoals.
 16267 | Lair:3   | Reached skill level 14 in Maces & Flails
 17353 | Lair:4   | Found a hole to the Spider Nest.
 17548 | Lair:4   | Noticed drasked1's ghost (powerful GrBe)
 17565 | Lair:4   | HP: 2/126 [drasked1's ghost (8)]
 17565 | Lair:4   | Slain by drasked1's ghost

Action                   |  1- 3 |  4- 6 |  7- 9 | 10-12 | 13-15 || total
-------------------------+-------+-------+-------+-------+-------++-------
Melee: Mace              |   104 |    37 |       |   435 |       ||   576
       Whip              |       |   113 |   340 |   514 |       ||   967
       Dire flail        |       |       |   184 |       |       ||   184
       Great mace        |       |       |       |   234 |       ||   234
       Flail             |       |       |       |   179 |   254 ||   433
Invok: Berserk           |       |     3 |     8 |    18 |     1 ||    30
       Brothers in Arms  |       |       |       |     3 |       ||     3
  Use: Scroll            |       |       |    10 |     4 |     2 ||    16
       Potion            |       |       |       |     1 |       ||     1
  Eat: Chunk             |     3 |     5 |    25 |    31 |     4 ||    68
       Fruit             |       |       |     1 |     2 |       ||     3
       Beef jerky        |       |       |       |     3 |     1 ||     4
       Meat ration       |       |       |       |     2 |       ||     2
